Map: Eternal Empire LE

Players

Throwfordays - Winner!

  • Race: Zerg Zerg
  • League: Silver
  • Spawn Location: 7:00

Steve

  • Race: Protoss Protoss
  • League: Silver
  • Spawn Location: 1:00

VOD

Have the link to the VOD?

Description

Time

  • Played on: July 19, 2020, 2:35 a.m.
  • Length: 17:26
Show
View Real Time Build Order
Export as new Build Order

Throwfordays Zerg - Winner!

Build Orders: Hatch First 

Get SALT Encoding   

  12  0:01  Drone  
  13  0:12  Overlord  
  13  0:17  Drone  
  14  0:33  Drone  
  14  0:34  Drone  
  16  0:49  Hatchery  
  15  0:52  Drone  
  16  1:08  Spawning Pool  
  15  1:11  Drone  
  16  1:19  Drone x2  
  16  1:22  Extractor  
  16  1:23  Drone  
  18  1:33  Overlord  
  18  1:45  Drone  
  19  1:55  Queen  
  19  1:57  Zergling x2  
  19  2:01  Queen  
  22  2:02  Drone  
  22  2:07  Drone  
  26  2:18  Drone  
  26  2:21  Zergling x2  
  28  2:24  Zergling x2  
  29  2:30  Metabolic Boost  
  29  2:39  Zergling x2  
  30  2:47  Zergling x2  
  30  2:50  Drone x3  
  34  2:58  Extractor  
  33  3:04  Drone x3  
  36  3:07  Overlord  
  36  3:13  Overlord x2  
  36  3:21  Lair  
  36  3:26  Drone  
  37  3:30  Drone  
  37  3:31  Baneling Nest  
  37  3:38  Zergling x6  
  40  3:43  Drone x3  
  43  3:48  Drone  
  43  3:49  Drone x2  
  43  3:52  Drone  
  47  4:09  Drone  
  48  4:10  Zergling x2  
  48  4:13  Zergling x2  
  48  4:16  Hatchery  
  49  4:18  Drone x2  
  49  4:21  Drone x2  
  53  4:26  Centrifical Hooks  
  53  4:38  Zergling x2  
  53  4:39  Zergling x4  
  53  4:41  Zergling x4  
  58  4:52  Overlord  
  58  4:55  Overlord  
  58  4:57  Extractor, Drone  
  58  5:00  Baneling x5  
  58  5:01  Baneling x6  
  53  5:43  Baneling x7  
  53  5:44  Baneling x5  
  53  5:45  Baneling x2  
  53  5:57  Zergling x10  
  53  5:58  Zergling x2  
  53  6:00  Queen, Drone x2  
  53  6:01  Drone  
  65  6:04  Zergling x10  
  65  6:05  Zergling x6  
  72  6:12  Drone  
  72  6:15  Overlord  
  73  6:21  Zergling x4  
  73  6:22  Zergling x4  
  77  6:26  Zergling x6  
  77  6:29  Drone  
  77  6:32  Overlord  
  81  6:35  Overlord  
  58  7:22  Drone x3  
  60  7:24  Extractor  
  60  7:25  Drone  
  60  7:26  Zergling x2  
  61  7:31  Zergling x4  
  61  7:32  Zergling x2  
  61  7:35  Zergling x10  
  61  7:37  Baneling x7  
  69  7:38  Baneling x6  
  69  7:39  Baneling  
  69  7:44  Evolution Chamber  
  69  7:47  Evolution Chamber  
  69  7:49  Zergling x2  
  68  7:53  Zergling x2  
  68  7:56  Zergling x10  
  74  8:00  Drone  
  75  8:18  Zergling x4  
  75  8:19  Zergling x4  
  76  8:32  Spine Crawler  
  76  8:33  Spore Crawler  
  74  8:39  Spore Crawler  
  74  8:40  Overseer, Spine Crawler  
  72  8:44  Zergling x12  
  72  8:45  Zergling x2  
  77  9:10  Baneling x3  
  77  9:11  Baneling x8  
  77  9:12  Baneling x6  
  77  9:14  Zerg Melee Weapons Level 1  
  77  9:15  Zerg Ground Armor Level 1  
  77  9:25  Zergling x2  
  77  9:26  Zergling x14  
  77  9:29  Zergling x2  
  77  9:30  Zergling x10  
  91  9:32  Hatchery  
  91  9:33  Queen  
  92  9:48  Drone x2  
  93  10:12  Spore Crawler  
  51  10:54  Roach Warren  
  47  11:02  Drone x2  
  47  11:04  Queen  
  47  11:08  Spore Crawler, Zerg Missile Weapons Level 1  
  48  11:31  Drone x3  
  51  11:45  Roach  
  47  11:54  Roach  
  47  11:58  Roach x3  
  47  11:59  Roach x4  
  63  12:19  Queen  
  63  12:21  Roach x3  
  71  12:25  Roach x5  
  71  12:26  Roach x4  
  89  12:44  Hatchery  
  89  12:45  Ravager x2  
  89  12:46  Ravager x8  
  89  12:47  Ravager x2  
  89  12:49  Drone x2  
  102  12:53  Zerg Ground Armor Level 2  
  102  13:00  Drone x2  
  104  13:06  Roach  
  104  13:10  Overlord x2  
  104  13:11  Overlord x4  
  106  13:33  Roach  
  108  13:36  Roach x3  
  108  13:37  Roach x4  
  122  13:44  Roach x4  
  122  13:45  Roach x2  
  134  13:52  Spire  
  134  13:54  Zerg Missile Weapons Level 2  
  133  14:00  Extractor x2  
  133  14:01  Drone  
  132  14:03  Queen  
  132  14:04  Drone  
  135  14:18  Drone  
  135  14:19  Drone x2  
  135  14:20  Drone  
  139  14:30  Drone  
  140  14:32  Drone x3  
  143  14:47  Overseer  
  134  15:43  Ravager x3  
  134  15:44  Ravager x3  
  128  17:06  Zergling x2  
  128  17:07  Zergling x4  
Show
View Real Time Build Order
Export as new Build Order

Steve Protoss 

Build Orders:  

Get SALT Encoding   

  1  0:00  Probe  
  13  0:08  Probe  
  14  0:23  Pylon  
  14  0:26  Probe  
  15  0:34  Assimilator  
  15  0:45  Probe  
  15  0:46  Pylon  
  16  0:57  Probe  
  17  1:05  Probe  
  17  1:06  Forge  
  18  1:14  Probe  
  19  1:38  Gateway  
  19  1:40  Probe  
  19  1:42  Assimilator  
  20  1:50  Photon Cannon  
  20  1:52  Probe  
  21  2:01  Photon Cannon  
  21  2:12  Probe  
  21  2:20  Probe  
  21  2:21  Protoss Ground Weapons Level 1  
  22  2:26  Zealot  
  25  2:30  Probe  
  26  2:40  Cybernetics Core  
  26  2:43  Probe  
  27  2:56  Pylon  
  27  3:06  Warp Gate  
  27  3:16  Nexus  
  27  3:45  Gateway x2  
  27  3:50  Pylon  
  27  3:54  Probe  
  27  3:55  Pylon  
  28  4:08  Photon Cannon  
  28  4:15  Zealot  
  30  4:26  Protoss Shields Level 1  
  30  4:28  Pylon  
  30  4:42  Sentry, Probe  
  33  4:52  Shield Battery  
  33  4:54  Probe  
  33  4:56  Pylon  
  34  5:05  Photon Cannon  
  34  5:06  Probe  
  35  5:18  Probe  
  36  5:22  Pylon  
  36  5:30  Twilight Council, Probe  
  37  5:37  Zealot  
  37  5:38  Zealot  
  40  5:46  Photon Cannon  
  40  5:49  Photon Cannon  
  40  5:56  Shield Battery  
  40  5:59  Pylon, Sentry x2  
  44  6:15  Charge  
  44  6:18  Photon Cannon, Dark Shrine  
  44  6:23  Photon Cannon, Zealot  
  46  6:28  Protoss Ground Armor Level 1  
  46  6:35  Stalker  
  48  6:42  Photon Cannon  
  48  6:46  Shield Battery  
  44  7:02  Zealot x2  
  44  7:03  Zealot  
  27  7:17  Probe  
  28  7:25  Probe  
  29  7:34  Dark Templar x2  
  29  7:35  Probe  
  34  7:47  Probe  
  35  7:51  Gateway  
  35  7:54  Photon Cannon  
  35  7:59  Probe  
  36  8:07  Stargate  
  36  8:08  Probe  
  37  8:13  Shield Battery  
  37  8:16  Probe  
  37  8:17  Sentry  
  40  8:32  Photon Cannon  
  40  8:34  Probe  
  41  8:43  Probe  
  41  8:48  Assimilator  
  42  8:51  Assimilator, Probe  
  43  8:56  Oracle  
  42  9:03  Probe  
  42  9:04  Protoss Ground Weapons Level 2  
  42  9:06  Zealot x2  
  42  9:07  Zealot  
  49  9:15  Probe  
  50  9:21  Sentry  
  52  9:35  Photon Cannon  
  52  9:36  Photon Cannon  
  52  9:38  Shield Battery  
  52  9:48  Shield Battery  
  52  9:52  Photon Cannon  
  49  10:18  Phoenix  
  51  10:25  Dark Templar  
  51  10:26  Dark Templar  
  37  10:43  Phoenix  
  37  10:45  Zealot x2  
  34  11:23  Probe  
  32  11:26  Photon Cannon  
  32  11:28  Photon Cannon  
  32  11:29  Photon Cannon  
  32  11:31  Pylon, Probe  
  32  12:19  Protoss Air Weapons Level 1  
  32  12:22  Nexus  
  30  12:28  Pylon  
  30  12:56  Probe x2  
  31  13:04  Probe  
  32  13:08  Probe  
  34  13:20  Probe  
  35  13:33  Photon Cannon, Probe  
  35  13:34  Probe  
  36  13:36  Protoss Ground Weapons Level 3  
  37  13:42  Probe  
  37  13:44  Dark Templar x2  
  37  13:45  Probe  
  43  13:51  Probe x2  
  43  13:54  Pylon  
  45  14:03  Probe  
  46  14:15  Probe  
  47  14:25  Void Ray  
  47  14:49  Zealot  
  47  14:50  Zealot x2  
  50  15:13  Zealot  
  40  15:14  Zealot  
  42  15:27  Shield Battery  
  42  15:29  Zealot  
  42  15:30  Shield Battery, Zealot  
  42  15:41  Dark Templar x2  
  42  15:42  Probe  
  39  15:50  Probe  
  39  15:54  Zealot x2  
  40  15:59  Probe  
  40  16:11  Probe  
  40  16:16  Dark Templar  
  40  16:17  Dark Templar  
  40  16:18  Dark Templar x2  
  47  16:24  Probe  
  21  16:36  Probe  
  21  16:44  Shield Battery  
  21  16:48  Probe  
  21  16:55  Zealot x2  
  21  16:56  Zealot  
  21  17:00  Probe  
  24  17:12  Assimilator, Probe  
  25  17:17  Assimilator  
  25  17:21  Pylon  
Tags
 
Add a new tag
Caveats
  • Supply blocks, unpowered buildings, or Contaminate may cause inaccurate times.
  • Supply counts are checked every 10 seconds.